 Dungeon Crawl Stone Soup version 0.21-a0-519-gb765982 (webtiles) character file.

45 slep the Chopper (level 3, -4/31 HPs)
             Began as a Minotaur Gladiator on Dec 4, 2017.
             Slain by a worm (9 damage)
             ... on level 2 of the Dungeon.
             The game lasted 00:01:51 (400 turns).

slep the Chopper (Minotaur Gladiator)                Turns: 400, Time: 00:01:52

Health: -4/31      AC:  3    Str: 18    XL:     3   Next: 42%
Magic:  2/2        EV: 13    Int:  5    God:
Gold:   37         SH:  0    Dex: 12    Spells: 2/2 levels left

rFire    . . .     SeeInvis .   a - +0 war axe
rCold    . . .     Gourm    .   (no shield)
rNeg     . . .     Faith    .   b - +0 leather armour
rPois    .         Spirit   .   c - +0 hat
rElec    .         Reflect  .   (no cloak)
rCorr    .         Harm     .   (no gloves)
MR       .....                  (no boots)
Stlth    +.........             (no amulet)
HPRegen  0.10/turn              (no ring)
MPRegen  0.08/turn              (no ring)

@: no status effects
A: retaliatory headbutt, horns 2
a: no special abilities


You were on level 2 of the Dungeon.
You were not hungry.

You visited 1 branch of the dungeon, and saw 2 of its levels.

You collected 37 gold pieces.

Inventory:

Hand Weapons
 a - a +0 war axe (weapon)
Missiles
 d - 3 throwing nets (quivered)
Armour
 b - a +0 leather armour (worn)
 c - a +0 hat (worn)
Scrolls
 h - a scroll of identify {unknown}
 j - a scroll of immolation {unknown}
Potions
 e - a potion of heal wounds {unknown}
 i - a potion of invisibility {unknown}
Comestibles
 f - 2 bread rations
 g - 2 chunks of flesh


   Skills:
 + Level 3.2 Fighting
 + Level 4.0 Axes
 + Level 2.7 Throwing
 + Level 0.4 Armour
 + Level 3.7 Dodging


You had 2 spell levels left.
You didn't know any spells.

Dungeon Overview and Level Annotations

Branches:
Dungeon (1/15)

Altars:
Hepliaklqana
Zin


Innate Abilities, Weirdness & Mutations

You reflexively headbutt those who attack you in melee.
You have a pair of horns on your head.


Message History

* * * LOW HITPOINT WARNING * * *
You hit the adder. Your headbutt misses the adder.
The adder is heavily wounded.
You slash the rat!
You kill the rat!
You hit the rat.
You kill the rat!
The adder closely misses you. x2; You furiously retaliate!
You headbutt the adder.
You kill the adder!
Your Fighting skill increases to level 3!
You hit the rat.
You kill the rat!
You barely miss the giant cockroach. The giant cockroach bites you.
* * * LOW HITPOINT WARNING * * *
The giant cockroach closely misses you. You furiously retaliate!
You headbutt the giant cockroach.
You kill the giant cockroach!
You barely miss the worm. The worm bites you!
You die...

.......
.........
#######
.........
.|.....
......... ####..
........# ###.†
........# #....
........# #.#..
......††########
#....
......w@.......#
#.###
##############.#
###.... #.#
#...##.
#.###....#.
#......_...
##.#.#....#
#.#.##...#
#.#....###
#.####.#


You could see a worm.

Vanquished Creatures
  2 adders (D:2)
  A dart slug (D:2)
  A leopard gecko (D:1)
  A giant cockroach (D:2)
  5 goblins
  2 hobgoblins (D:2)
  2 jackals (D:2)
  2 kobolds
  A bat (D:1)
  2 frilled lizards (D:2)
  7 rats
26 creatures vanquished.

Notes
Turn   | Place    | Note
-------+----------+-------------------------------------------
     0 | D:1      | slep the Minotaur Gladiator began the quest for the Orb.
     0 | D:1      | Reached XP level 1. HP: 18/18 MP: 0/0
   139 | D:1      | Reached XP level 2. HP: 19/25 MP: 1/1
   214 | D:1      | You fall through a shaft!
   255 | D:2      | Reached XP level 3. HP: 5/30 MP: 2/2
   270 | D:2      | Found a hazy altar of Hepliaklqana.
   297 | D:2      | Reached skill level 4 in Axes
   346 | D:2      | Found a glowing silver altar of Zin.
   346 | D:2      | Noticed an angel
   400 | D:2      | Slain by a worm

Vault maps used:
D:1:      lightli_arrival_isolated_outpost
D:2:      nicolae_overflow_crystal_walls, zin_angel

Skill      XL: |  1  2  3 |
---------------+----------+-----
Axes           | 4 |  4.0
Fighting       | 3 |  3.2
Throwing       | |  2.7
Armour         | |  0.4
Dodging        | |  3.7

Action                   || total
-------------------------++-------
Melee: War axe           ||    51
       Headbutt          ||     7
Armor: Leather armour    ||    13
Dodge: Dodged            ||    52

Table legend:
 A = Spawn XP
 B = Non-spawn XP
 C = Spawn XP percentage of total XP
 D = Spawn monster count
 E = Non-spawn monster count
 F = Spawn count percentage of total count
 G = Total turns spent on level
                    A         B        C        D         E        F      G
               +---------+---------+-------+---------+---------+-------+---------
         Total |       0 |      65 |   0.0 |       0 |      26 |   0.0 |   400
               +---------+---------+-------+---------+---------+-------+---------
           D:1 |       0 |      15 |   0.0 |       0 |       9 |   0.0 |   214
           D:2 |       0 |      50 |   0.0 |       0 |      17 |   0.0 |   186
               +---------+---------+-------+---------+---------+-------+---------
